 Dungeon Crawl Stone Soup version 0.20.0-8-g6b59dc7 (webtiles) character file.

474 Chiseanne the Magician (level 6, -7/46 HPs)
             Began as a Demonspawn Wizard on June 2, 2017.
             Was an Initiate of Makhleb.
             Mangled by Pikel
             ... wielding a +1 whip of electrocution
              (20 damage)
             ... on level 6 of the Dungeon.
             The game lasted 00:11:04 (6220 turns).

Chiseanne the Magician (Demonspawn Wizard)          Turns: 6220, Time: 00:11:05

Health: -7/46      AC:  9    Str:  8    XL:     6   Next: 84%
Magic:  12/12      EV:  8    Int: 21    God:    Makhleb [......]
Gold:   116        SH:  0    Dex: 11    Spells: 5/14 levels left

rFire    . . .     SeeInvis .   a - +2 short sword (speed)
rCold    . . .     Gourm    .   (no shield)
rNeg     + . .     Faith    .   z - +0 scale mail
rPois    .         Spirit   .   b - +1 hat
rElec    .         Reflect  .   (no cloak)
rCorr    .         Harm     .   f - +0 pair of gloves
MR       .....                  p - +0 pair of boots
Stlth    ..........             k - amulet of magic regeneration
Regen    0.2/turn               y - ring of positive energy
MPRegen  0.2/turn               (no ring)

@: no status effects
A: powered by death 2, spiny 1
a: Renounce Religion


You were on level 6 of the Dungeon.
You worshipped Makhleb.
Makhleb was noncommittal.
You were not hungry.

You visited 2 branches of the dungeon, and saw 7 of its levels.

You collected 116 gold pieces.

Inventory:

Hand Weapons
 a - a +2 short sword of speed (weapon)
 s - a +0 long sword of electrocution
Missiles
 e - 57 bolts
 g - 68 sling bullets
 r - 52 stones (quivered)
 t - 25 arrows
 A - 7 tomahawks
Armour
 b - a +1 hat (worn)
 f - a +0 pair of gloves (worn)
 p - a +0 pair of boots (worn)
 z - a +0 scale mail (worn)
Jewellery
 k - an amulet of magic regeneration (around neck)
 y - a ring of positive energy (left hand)
Scrolls
 v - 2 scrolls of fear
 C - a scroll of remove curse
Potions
 j - 3 potions of flight
 l - a potion of resistance {unknown}
 m - a potion of berserk rage
 n - a potion of haste {unknown}
 q - a potion of agility {unknown}
 u - a potion of magic {unknown}
 w - 2 potions of brilliance
 x - 2 potions of curing
Comestibles
 c - 2 meat rations
 h - a royal jelly
 i - 2 bread rations


   Skills:
 * Level 2.4 Fighting
 * Level 2.4 Armour
 * Level 3.1 Dodging
 - Level 1.7 Stealth
 - Level 4.5 Spellcasting
 - Level 3.4 Conjurations
   Level 1.0 Summonings
 - Level 0.8 Translocations


You had 5 spell levels left.
You knew the following spells:

 Your Spells              Type           Power        Failure   Level  Hunger
a - Magic Dart            Conj           ###.         26%         1    None
b - Blink                 Tloc           N/A          73%         2    #......
c - Conjure Flame         Conj/Fire      ##......     83%         3    ##.....
d - Mephitic Cloud        Conj/Pois/Air  #.......     89%         3    ##.....


Dungeon Overview and Level Annotations

Branches:
Dungeon (6/15)             Temple (1/1) D:5

Altars:
Ashenzari
Cheibriados
Dithmenos
Elyvilon
Fedhas
Gozag
Kikubaaqudgha
Makhleb
Okawaru
Qazlal
Ru
Sif Muna
Trog
Uskayaw
Vehumet
Xom
Yredelemnul
The Shining One

Annotations:
D:6 Pikel


Innate Abilities, Weirdness & Mutations

You regenerate health from kills.
You are partially covered in sharp spines.


Message History

You barely miss the worker ant.
Pikel says, "You'll feel the lick of my whip!"
You barely miss the worker ant. The worker ant misses you.
You closely miss the worker ant.
The worker ant bites you but does no damage.
The worker ant bites you. Pikel is struck by your spines.
Pikel hits you but does no damage.
You are electrocuted!
* * * LOW HITPOINT WARNING * * *
Pikel says, "You'll feel the lick of my whip!"
There is a stone staircase leading down here.
Pikel hits you but does no damage.
You climb downwards.
A worm comes into view.
There is a stone staircase leading up here.
You feel better. Pikel is struck by your spines.
Pikel hits you with a whip of electrocution.
* * * LOW HITPOINT WARNING * * *
You are electrocuted!
You die...

#### ...
##.## #
##...##.##
#........w
#<..# ##K##
#@#
#..........#
#####.#####.#
#.# #.# ..#
..# ..#


You could see Pikel.

Vanquished Creatures
  3 slaves (D:5)
  A centaur (D:4)
  A howler monkey (D:4)
  A hound (D:4)
  A jelly (D:5)
  A worker ant (Temple)
  An iguana (D:4)
  4 gnolls
  7 adders
  An ooze (D:2)
  2 adder skeletons
  5 worms
  5 dart slugs
  4 leopard geckos
  13 orcs
  4 ball pythons
  8 bats
  A giant cockroach (D:3)
  8 goblins
  6 hobgoblins
  12 jackals
  6 frilled lizards
  6 kobolds
  9 rats
110 creatures vanquished.

Notes
Turn   | Place    | Note
-------+----------+-------------------------------------------
     0 | D:1      | Chiseanne the Demonspawn Wizard began the quest for the Orb.
     0 | D:1      | Reached XP level 1. HP: 13/13 MP: 4/4
   512 | D:1      | Gained mutation: You regenerate a little health from kills. [demonic ancestry]
   512 | D:1      | Reached XP level 2. HP: 19/19 MP: 0/6
  1208 | D:1      | Reached XP level 3. HP: 24/24 MP: 5/8
  1537 | D:1      | Learned a level 2 spell: Blink
  1541 | D:1      | Learned a level 3 spell: Conjure Flame
  1545 | D:1      | Learned a level 3 spell: Mephitic Cloud
  1707 | D:2      | Found a white marble altar of Elyvilon.
  2210 | D:2      | Reached skill level 4 in Spellcasting
  2280 | D:2      | Reached XP level 4. HP: 30/30 MP: 7/10
  2441 | D:2      | Found an iron altar of Okawaru.
  3460 | D:3      | Gained mutation: You are partially covered in sharp spines. [demonic ancestry]
  3460 | D:3      | Reached XP level 5. HP: 32/35 MP: 0/11
  4600 | D:4      | Reached skill level 1 in Armour
  4890 | D:4      | Noticed a centaur
  4898 | D:4      | Killed a centaur
  4898 | D:4      | Reached skill level 1 in Fighting
  4898 | D:4      | Gained mutation: You regenerate health from kills. [demonic ancestry]
  4898 | D:4      | Reached XP level 6. HP: 7/43 MP: 12/12
  5319 | D:4      | Found a shattered altar of Ashenzari.
  5385 | D:4      | Found a blossoming altar of Fedhas.
  5639 | D:5      | Entered Level 5 of the Dungeon
  5639 | D:5      | Noticed an ice beast
  5710 | D:5      | Found a sacrificial altar of Ru.
  5800 | D:5      | Noticed Pikel
  5800 | D:5      | Noticed a slave
  5800 | D:5      | Noticed a slave
  5801 | D:5      | Noticed a slave
  5803 | D:5      | Noticed a slave
  5810 | D:5      | Killed a slave
  5828 | D:5      | Killed a slave
  5881 | D:5      | Found a staircase to the Ecumenical Temple.
  5947 | D:5      | Killed a slave
  5948 | Temple   | Entered the Ecumenical Temple
  6111 | Temple   | Became a worshipper of Makhleb the Destroyer
  6220 | D:6      | Mangled by Pikel

Skill      XL: |  1  2  3  4  5  6 |
---------------+-------------------+-----
Conjurations   | 2 3 |  3.4
Spellcasting   | 4 |  4.5
Dodging        | 2 3 |  3.1
Armour         | 1 2 |  2.4
Fighting       | 1 2 |  2.4
Stealth        | |  1.7
Summonings     | |  1.0
Translocations | |  0.8

Action                   |  1- 3 |  4- 6 || total
-------------------------+-------+-------++-------
Melee: Unarmed           |    17 |    18 ||    35
       Dagger            |     5 |       ||     5
       Spear             |     5 |       ||     5
       Short sword       |       |   245 ||   245
 Cast: Magic Dart        |   114 |    97 ||   211
       Mephitic Cloud    |       |     1 ||     1
  Use: Scroll            |       |    14 ||    14
       Potion            |       |     5 ||     5
  Eat: Chunk             |     2 |    10 ||    12
       Bread ration      |     1 |       ||     1
Armor: Robe              |     8 |     8 ||    16
       Scale mail        |       |    60 ||    60
       Leather armour    |       |     3 ||     3
       Skin              |       |     2 ||     2
Dodge: Dodged            |    48 |    95 ||   143
